 Dungeon Crawl Stone Soup version 0.23.2-1-ga50397a (webtiles) character file.

Game seed: 11120537336340491012

58 kae the Changer (level 3, 0/26 HPs)
             Began as a Demonspawn Transmuter on Apr 15, 2019.
             Succumbed to an adder's poison
             ... on level 1 of the Dungeon.
             The game lasted 00:01:20 (1215 turns).

kae the Changer (Demonspawn Transmuter)             Turns: 1215, Time: 00:01:21

Health: 0/26       AC:  2    Str: 10    XL:     3   Next: 75%
Magic:  3/6        EV: 12    Int: 19    God:
Gold:   80         SH:  0    Dex: 14    Spells: 0/6 levels left

rFire    . . .     SeeInvis .     - Unarmed
rCold    . . .     Gourm    .   (no shield)
rNeg     . . .     Faith    .   b - +0 robe
rPois    .         Spirit   .   (no helmet)
rElec    .         Reflect  .   (no cloak)
rCorr    .         Harm     .   (no gloves)
MR       .....                  (no boots)
Stlth    +.........             (no amulet)
HPRegen  0.08/turn              (no ring)
MPRegen  0.10/turn              (no ring)

@: brilliant, lethally poisoned (0 -> -5), very slightly contaminated
A: talons 1
a: no special abilities


You were on level 1 of the Dungeon.
You were very hungry.

You visited 1 branch of the dungeon, and saw 2 of its levels.

You collected 80 gold pieces.

Inventory:

Missiles
 a - 11 arrows
Armour
 b - a +0 robe (worn)
Jewellery
 e - an uncursed amulet of guardian spirit {unknown}
Scrolls
 f - a scroll of noise {unknown}
 h - a scroll of teleportation {unknown}
 i - a scroll of fear {unknown}
 j - a scroll of random uselessness {unknown}
Potions
 g - a potion of brilliance
Comestibles
 d - 4 rations


   Skills:
 - Level 1.0 Fighting
 - Level 1.7 Dodging
 - Level 2.6 Unarmed Combat
 - Level 2.0 Spellcasting
 + Level 3.8 Transmutations


You couldn't memorise any spells.
You knew the following spells:

 Your Spells              Type           Power        Failure   Level  Hunger
a - Beastly Appendage     Tmut           ####..       1%          1    #......
b - Sticks to Snakes      Tmut           ####....     1%          2    ###....
c - Spider Form           Tmut/Pois      ###.......   3%          3    ###....

Your spell library contained the following spells:

 Spells                   Type           Power        Failure   Level  Hunger
 Ice Form                 Ice/Tmut       ###.....     9%          4    #####..
 Blade Hands              Tmut           ####......   11%         5    ######.


Dungeon Overview and Level Annotations

Branches:
Dungeon (2/15)

Altars:


Innate Abilities, Weirdness & Mutations

You have sharp toenails.


Message History

The adder poisons you!
You completely miss the adder. Your kick misses the adder.
The adder is almost dead.
* * * LOW HITPOINT WARNING * * *
You feel sick.
Your water moccasin completely misses the adder.
The adder bites you.
* * * LOW HITPOINT WARNING * * *
Your water moccasin bites the adder!
The adder dies!
Okay, then.
Unknown command.
There is a lethal amount of poison in your body!
There is a stone staircase leading up here.
There is a lethal amount of poison in your body!
* * * LOW HITPOINT WARNING * * *
You feel sick.
Your water moccasin withers and dies!
You climb upwards.
You die...

##..##.#.#(# ##.####.....#
#...##.#.#.# ##.#.........#
###.#.##.#.#.###.###.##.....#
......##.#.#)##.## ##.......#
##)..###.#.#.##..###.##.....#
#....##.#.#.#....#.#######.#
#...###.#.#.....(.########.#
#...###.#.#.......#........#
##..............@...........#
...........#.........######.#
.#.#..######...........####.# ###
............................# #..
.#.#.########.##.....#.####.###.#
.....# #.######.#.##........
####.# #.######........###>#
#.########..............)....#
#...........#######.##.#######


There were no monsters in sight!

Vanquished Creatures
  An adder (D:2)
  2 dart slugs (D:1)
  A ball python (D:1)
  4 bats (D:1)
  A giant cockroach (D:1)
  4 goblins
  4 hobgoblins (D:1)
  A frilled lizard (D:1)
  6 kobolds (D:1)
  3 rats (D:1)
27 creatures vanquished.

Vanquished Creatures (collateral kills)
  2 adders (D:2)
  2 goblins (D:2)
  A hobgoblin (D:2)
  A rat (D:2)
6 creatures vanquished.

Grand Total: 33 creatures vanquished

Notes
Turn   | Place    | Note
-------+----------+-------------------------------------------
     0 | D:1      | kae the Demonspawn Transmuter began the quest for the Orb.
     0 | D:1      | Reached XP level 1. HP: 15/15 MP: 3/3
    33 | D:1      | Reached skill level 2 in Transmutations
   157 | D:1      | Gained mutation: You have sharp toenails. [demonic
                  | ancestry]
   157 | D:1      | Reached XP level 2. HP: 6/21 MP: 3/5
   365 | D:1      | Learned a level 2 spell: Sticks to Snakes
   682 | D:1      | Reached skill level 3 in Transmutations
  1020 | D:1      | Reached XP level 3. HP: 21/26 MP: 6/6
  1160 | D:2      | Learned a level 3 spell: Spider Form
  1214 | D:2      | HP: 1/26 [poisoned by an adder]
  1215 | D:1      | Succumbed to an adder's poison

Skill      XL: |  1  2 |
---------------+-------+-----
Transmutations | 2 3 |  3.8
Fighting       | |  1.0
Dodging        | |  1.7
Unarmed Combat | |  2.6
Spellcasting   | |  2.0

Action                   || total
-------------------------++-------
Melee: Unarmed           ||   105
       Kick              ||    16
       Headbutt          ||     1
       Punch             ||     1
 Cast: Beastly Appendage ||     5
       Sticks to Snakes  ||     1
  Use: Scroll            ||     1
       Potion            ||     1
 Stab: Sleeping          ||     1
Armor: Robe              ||    12
Dodge: Dodged            ||    84
